[Event "USA Championship 2022"]
[Site "Saint Louis"]
[Date "2022.10.17"]
[Round "11.1"]
[White "Swiercz, Dariusz"]
[Black "Sevian, Samuel"]
[Result "0-1"]
[ECO "C83"]
[WhiteElo "2652"]
[BlackElo "2684"]
[Annotator "TA"]
[PlyCount "84"]
[EventDate "2022.09.05"]
[EventType "tourn"]
[EventCountry "USA"]
[SourceTitle "playchess.com"]
[Source "ChessBase"]
[SourceQuality "1"]
[TimeControl "40/5400+30:1800+30"]

1. e4 e5 2. Nf3 Nc6 3. Bb5 a6 4. Ba4 Nf6 5. O-O Nxe4 6. d4 b5 7. Bb3 d5 8. dxe5 Be6 9. Nbd2 Be7 10. c3 Nc5 11. Bc2 d4 12. Nb3 {[%emt 0:00:08][%cal Rf3d4] C83: Open Ruy Lopez: 9 c3 Be7.} d3 13. Bb1 {[%emt 0:00:16] aiming for Nxc5.} Nxb3 14. axb3 {[%emt 0:00:03] The position is equal.} Bf5 15. Re1 O-O 16. h3 Qd7 17. b4 Rfd8 18. Bf4 (18. g4 $1 $14 Bg6 19. Ba2) 18... a5 $11 19. g4 Bg6 20. bxa5 Rxa5 21. Ba2 Rf8 22. b4 Ra4 23. e6 Qd8 {[%emt 0:00:10][%cal Oa4a2] [#] And now ...Rxa2! would win.} 24. exf7+ Kh8 {[%emt 0:00:35] [#]} 25. Be6 $146 ({Don't go for} 25. Re3 $2 Qa8 26. Bg5 Rxf7 27. Bxe7 Rxe7 28. Rxe7 Nxe7 $19) ({Predecessor:} 25. Bd2 h6 26. Bb3 Rxa1 27. Qxa1 Bxf7 28. Bxf7 Rxf7 {½-½ (40) Dothan,Y (2546)-Koegler,K (2542) ICCF email 2020}) 25... Rxa1 26. Qxa1 {[%emt 0:00:06] Qa6 is the strong threat.} Bxf7 27. Qa2 Bg6 28. Qd2 h6 29. Kg2 Bd6 $36 {[%emt 0:06:31][%mdl 2048] Black has the initiative.} 30. Bxd6 Qxd6 31. Nh4 Bh7 {[%emt 0:00:30] With the idea ...Ne7.} 32. Nf5 Bxf5 33. Bxf5 {[%emt 0:00:01] [#]} (33. gxf5 $11 {remains equal.} Rd8 34. Re4) 33... Ne5 (33... Ne7 $1 $17 34. Rxe7 (34. Be4 Nd5 $17) 34... Qxe7 35. Qxd3 Qe5) 34. f4 Rxf5 35. fxe5 {[%emt 0:00:29][%mdl 12288] Endgame KQR-KQR. This costs White the game.} (35. gxf5 $2 {loses.} Qd5+ 36. Kg3 Qf3+ 37. Kh2 Nc4 $19) (35. Rxe5 $11 Rf8 36. Re3) 35... Qd5+ $19 {[%emt 0:01:56] Black is clearly winning.} 36. Kg1 Rf3 {[%emt 0:01:23] ( -> ...Rg3+)} 37. Qg2 {[%emt 0:14:20] Against Rg3} d2 38. Rd1 Qd3 (38... Qe4 $142 39. Rxd2 Qe1+ 40. Kh2 Qxe5+ 41. Kg1 Qe3+ 42. Kh2 Qf4+ 43. Kg1 Rg3) 39. Rxd2 Qe3+ 40. Kh2 Qf4+ (40... Qxe5+ $142 41. Kg1 Rg3) 41. Kg1 Rg3 42. Re2 Qf3 {[%emt 0:00:00] Weighted Error Value: White=0.49/Black=0.39} 0-1

[Event "USA Championship 2022"]
[Site "Saint Louis"]
[Date "2022.10.17"]
[Round "11.2"]
[White "Robson, Ray"]
[Black "Liang, Awonder"]
[Result "1/2-1/2"]
[ECO "C02"]
[WhiteElo "2690"]
[BlackElo "2608"]
[Annotator "TA"]
[PlyCount "67"]
[EventDate "2022.09.05"]
[EventType "tourn"]
[EventCountry "USA"]
[SourceTitle "playchess.com"]
[Source "ChessBase"]
[SourceQuality "1"]
[TimeControl "40/5400+30:1800+30"]

1. e4 e6 2. d4 d5 3. e5 c5 4. c3 Nc6 5. Nf3 Qb6 6. a3 c4 7. Nbd2 Na5 8. Be2 {[%emt 0:01:52] 8.Rb1 is the hot move.} Bd7 9. h4 {[%emt 0:03:33] C02: French: Advance Variation.} O-O-O 10. Rb1 Kb8 11. O-O Ne7 12. Re1 h6 13. Nf1 {[%emt 0:01:29] [#]} Nb3 $146 ({Predecessor:} 13... Qc7 14. h5 Nc8 15. Bf4 Nb6 16. Qd2 Ba4 17. N3h2 Be7 18. Bg4 Bh4 19. Bh3 Nc8 {1-0 (88) Quesada Perez,Y (2626)-Nyzhnyk,I (2649) Philadelphia 2019}) 14. Bf4 Ba4 15. N3d2 Ng6 16. Bg3 h5 17. Nh2 Be7 18. Nhf3 Rc8 19. Nxb3 Qxb3 20. Qxb3 Bxb3 21. Rbc1 Rc6 22. Kh2 Rb6 {[%emt 0:01:23] Threatens to win with ...Ba4.} 23. Bf1 $1 Rc8 (23... Ba4 $5 24. Re2 $8 Bd8 $11) 24. Re2 Rcc6 25. Rd2 {[%emt 0:01:20] The position is equal.} Rb5 26. Be2 Rcb6 27. Ra1 $1 Ba4 28. Ra2 Kc8 29. Kh3 Nf8 30. Bf4 Bb3 31. Ra1 Ba4 32. Ra2 Bb3 33. Ra1 Ba4 $1 34. Ra2 {[%emt 0:09:06] Weighted Error Value: White=0.04 (flawless) /Black=0.05 (flawless)} 1/2-1/2

[Event "USA Championship 2022"]
[Site "Saint Louis"]
[Date "2022.10.17"]
[Round "11.3"]
[White "Caruana, Fabiano"]
[Black "Xiong, Jeffery"]
[Result "1/2-1/2"]
[ECO "D35"]
[WhiteElo "2763"]
[BlackElo "2690"]
[Annotator "TA"]
[PlyCount "114"]
[EventDate "2022.09.05"]
[EventType "tourn"]
[EventCountry "USA"]
[SourceTitle "playchess.com"]
[Source "ChessBase"]
[SourceQuality "1"]
[TimeControl "40/5400+30:1800+30"]

1. d4 d5 2. c4 e6 3. Nc3 Nf6 4. cxd5 exd5 5. Bg5 c6 6. e3 h6 7. Bh4 Be7 8. Bd3 O-O 9. Nge2 $1 {[%emt 0:00:10][%mdl 4] is currently scoring better than 9.Qc2. D35: Queen's Gambit Declined: Exchange Variation.} Re8 10. O-O a5 11. Rc1 Nbd7 {[%emt 0:09:46] [#]} 12. Na4 $146 ({Predecessor:} 12. f3 b5 13. Bf2 Nb6 14. Nf4 Bd6 15. b3 Bd7 16. Bb1 Ba3 17. Rc2 Bf5 18. Re2 Bxb1 19. Qxb1 {1-0 (49) Ding,L (2799)-Artemiev,V (2700) chess24.com INT 2022}) 12... b5 13. Nc5 Nxc5 14. dxc5 Nd7 15. Bxe7 Qxe7 16. Nd4 Ne5 17. Bb1 Bd7 18. h3 Qf6 19. b3 a4 20. Re1 Ra7 21. Qh5 Raa8 22. Rcd1 Ra7 23. Qe2 Ng6 24. Qf3 Qg5 25. Kh2 (25. b4 $14) 25... axb3 {[%emt 0:00:02] The position is equal.} 26. axb3 Nf8 27. Bf5 Bxf5 28. Nxf5 Qf6 29. e4 Qe5+ 30. Ng3 d4 31. Qf5 g6 32. Qxe5 Rxe5 33. Ne2 Ne6 34. Nxd4 Nxd4 35. Rxd4 Rxc5 $11 {[%emt 0:00:07][%mdl 4096] Endgame KRR-KRR} 36. e5 Re7 37. f4 Rc3 38. b4 c5 39. Rd5 cxb4 40. Rxb5 Rc4 41. Kg3 g5 42. Rf1 Re4 43. fxg5 R4xe5 ({Much less strong is} 43... hxg5 44. Rf5 $16) 44. Rxe5 Rxe5 45. gxh6 {[%emt 0:00:05][%cal Oh6h7] KR-KR} Rg5+ 46. Kh2 b3 47. h7+ Kh8 48. Rxf7 Rb5 {[%emt 0:00:00] [#] Prevents Rb7. ( -> ...b2)} (48... b2 $2 49. Rb7 $18) 49. Rf1 b2 50. Rb1 Kxh7 51. Kg3 Kg6 52. Kf4 Kh5 53. Ke3 Kh4 54. Kd3 Kg3 55. Kc3 Kxg2 56. Rxb2+ Rxb2 57. Kxb2 {[%emt 0:00:00] [#] h4 would kill now.} Kxh3 {[%emt 0:00:09] Weighted Error Value: White=0.07 (flawless) /Black=0.06 (flawless)} 1/2-1/2

[Event "USA Championship 2022"]
[Site "Saint Louis"]
[Date "2022.10.17"]
[Round "11.4"]
[White "Dominguez Perez, Leinier"]
[Black "Yoo, Christopher Woojin"]
[Result "1-0"]
[ECO "B01"]
[WhiteElo "2747"]
[BlackElo "2563"]
[Annotator "TA"]
[PlyCount "261"]
[EventDate "2022.09.05"]
[EventType "tourn"]
[EventCountry "USA"]
[SourceTitle "playchess.com"]
[Source "ChessBase"]
[SourceQuality "1"]
[TimeControl "40/5400+30:1800+30"]

1. e4 d5 2. exd5 Qxd5 3. Nc3 Qd6 4. d4 Nf6 5. Nf3 g6 6. Nb5 Qb6 7. Na3 Be6 8. Nc4 Bxc4 9. Bxc4 Qb4+ 10. Nd2 Bh6 11. Qe2 Bxd2+ 12. Bxd2 Qxb2 13. O-O Qxd4 14. Rab1 Qe4 15. Bc3 Qxe2 16. Bxe2 b6 17. Bf3 c6 18. Rfe1 O-O 19. Bb2 Rc8 20. Rxe7 Nd5 21. Rb7 Na6 22. c4 Ndb4 23. Bf6 Nxa2 24. Rd7 N2b4 25. Rd6 Rab8 26. Rd7 Ra8 27. Rd6 Rab8 28. g4 c5 29. Rd7 b5 30. cxb5 Nc7 31. Be5 Nxb5 32. Bxb8 Rxb8 33. Bd5 Rf8 34. Rc1 Nxd5 35. Rxd5 Nd4 36. Rcxc5 Ne2+ 37. Kf1 Nf4 38. Rd1 $1 Rb8 39. Rc4 g5 40. h4 $1 h6 41. hxg5 hxg5 42. Rc5 Ne6 43. Ra5 Rb4 44. f3 (44. Rxa7 $6 Rxg4 45. Rd5 (45. Rdd7 Rf4 $16) 45... Rf4) 44... Rb3 45. Kf2 (45. Rxa7 $6 Rxf3+ 46. Kg2 Rf4 $14) 45... Rb2+ 46. Ke3 a6 47. Rd3 ({Don't play} 47. Rxa6 Rb3+ 48. Kf2 (48. Rd3 $2 Rxd3+ 49. Ke2 Rb3 $19) 48... Rb2+ 49. Ke1 Rb3 $18) 47... Rb8 48. Rda3 ({Less strong is} 48. Rxa6 Nc5 49. Ra5 Nxd3 $14) 48... Kg7 49. Rxa6 Nf4 50. R6a5 Kg6 51. Ra8 Rb7 52. Rg8+ Kf6 53. Ra6+ Ne6 54. Rd8 Kg7 55. Rd5 Rb3+ 56. Kf2 Rb2+ 57. Kg3 Re2 58. Rad6 Kg6 59. Rd2 Re1 60. Ra6 Rb1 61. Ra7 Rb4 (61... Rb6 {was necessary.} 62. Rda2 Nc5) 62. Rdd7 $18 Rf4 63. Kf2 Rf6 64. Rd5 Nf4 65. Rda5 Nh3+ 66. Kg3 Nf4 67. R7a6 Ne6 $2 (67... Re6 {is a better defense.} 68. Rxe6+ fxe6) 68. Re5 $18 Rf4 69. Re4 Rf6 70. Ra5 Kg7 71. Ree5 Rh6 72. Ra7 Kg6 73. Rf5 Rh7 74. Kf2 Nd4 75. Rd5 Ne6 76. Ke3 Rh8 77. Rf5 Re8 78. Kf2 Rf8 79. Rd7 Kg7 80. Kg2 Kg6 81. Kg3 Nf4 82. Rd6+ f6 83. Ra5 Rf7 84. Ra2 Rb7 85. Raa6 Rf7 86. Kf2 Kg7 87. Ra2 Kg6 88. Rad2 Rh7 (88... Re7 $142 89. Rd7 Re6) 89. Rd7 $18 Rh2+ 90. Ke3 Rh8 91. Rd8 (91. Re7 $142) 91... Rh1 $2 (91... Rxd8 {was worth a try.} 92. Rxd8 Kf7) 92. Rd1 (92. R2d7 $142 {Intending Rg8+ and mate.} Re1+ 93. Kd2 Re2+ 94. Kd1) 92... Rh2 (92... Rxd1 $142 93. Rxd1 Kf7) 93. R8d2 Rh7 94. Rd7 Rh2 95. R1d2 $2 (95. Ra7) 95... Rh8 $1 $18 96. Ra7 Re8+ 97. Kf2 Rh8 $2 (97... Rb8 98. Rdd7 Ne6) 98. Rdd7 $18 Rg8 99. Ke3 Ng2+ 100. Ke4 Nf4 101. Re7 Ng2 102. Ra2 Nf4 103. Rh2 $2 (103. Rd2 Rb8 104. Rdd7) 103... Ra8 {[%emt 0:00:09] [#]} 104. Rd2 $1 Ra4+ (104... f5+ {keeps fighting.} 105. gxf5+ Kf6) 105. Rd4 $18 Ra8 $2 (105... Ra2 106. Rdd7 Re2+ 107. Kd4 Ne6+ 108. Kd5 Nf4+ 109. Kc4 Rxe7 110. Rxe7 Nh3) 106. Rdd7 $18 Rg8 107. Kd4 Ng2 108. Kd5 Nh4 109. Re3 $2 (109. Ke4 Ng2 110. Rh7) 109... Ng2 110. Rc3 Nf4+ 111. Kd6 Re8 $2 (111... Ra8 112. Re3 Rg8) 112. Rcc7 $18 Re6+ 113. Kc5 Re5+ 114. Kc4 Ne6 115. Rc8 f5 116. Rd5 Kf6 117. Rh8 $2 (117. Rxe5 Kxe5 118. Re8) 117... fxg4 $2 (117... Rxd5 $18 118. Kxd5 Nf4+ 119. Kd4 Ng6) 118. Rh6+ Kf5 119. fxg4+ Ke4 120. Rxe5+ Kxe5 121. Kd3 Nf4+ $2 {[%emt 0:00:53] [#]} (121... Nd8 $16 122. Ke3 Nf7) 122. Ke3 $1 Nd5+ 123. Kf3 Nf4 124. Ra6 Ne6 125. Ra5+ Kf6 126. Ke4 Nc7 127. Ra7 Nb5 128. Ra6+ Ke7 129. Kf5 Nd4+ 130. Kxg5 Kf7 131. Ra7+ 1-0

[Event "USA Championship 2022"]
[Site "Saint Louis"]
[Date "2022.10.17"]
[Round "11.5"]
[White "Niemann, Hans Moke"]
[Black "Lenderman, Aleksandr"]
[Result "1-0"]
[ECO "D11"]
[WhiteElo "2699"]
[BlackElo "2535"]
[Annotator "TA"]
[PlyCount "89"]
[EventDate "2022.09.05"]
[EventType "tourn"]
[EventCountry "USA"]
[SourceTitle "playchess.com"]
[Source "ChessBase"]
[SourceQuality "1"]
[TimeControl "40/5400+30:1800+30"]

1. d4 d5 2. c4 c6 3. Nf3 Nf6 4. e3 Bg4 5. Nc3 e6 6. h3 Bh5 7. g4 Bg6 8. Ne5 {[%emt 0:00:12] D11: Slav Defence: 3 Nf3 sidelines and 3...Nf6 4 e3 Bg4.} Nbd7 9. Nxg6 hxg6 10. g5 {[%emt 0:00:06] The position is equal.} Ne4 11. Nxe4 dxe4 12. h4 Bb4+ 13. Bd2 Qa5 14. a3 Bxd2+ 15. Qxd2 Qxd2+ 16. Kxd2 f5 17. c5 Ke7 18. b4 Rad8 19. Kc3 e5 20. Bc4 exd4+ (20... Nf8 $5 ) 21. exd4 Nf8 {[%emt 0:00:06] [#]} 22. f3 $146 ({Predecessor:} 22. Rad1 Ne6 23. d5 cxd5 24. Bxd5 Rd7 25. Bxe6 Kxe6 26. Rxd7 Kxd7 27. Rd1+ Kc7 28. Rd6 Rxh4 29. Rxg6 {1-0 (44) So,W (2765)-Navara,D (2738) Saint Louis 2019}) 22... exf3 23. Raf1 Kd7 (23... Ne6 $2 24. Re1 Rd5 25. Bxd5 cxd5 26. Kd3 $18) 24. Rxf3 {[%emt 0:00:21] Threatens to win with Re3.} Ne6 25. Re1 Nc7 26. Rh3 Rde8 27. Rxe8 Kxe8 $11 {[%emt 0:01:17][%mdl 4096] Endgame KRB-KRN} 28. a4 Kd7 29. b5 Ne6 {[%emt 0:03:07] Hoping for ...Nxg5.} 30. Kb4 Nf4 (30... Nxd4 $2 31. Rd3 $18) 31. Rh2 (31. Rh1 $5 ) 31... Kc7 32. a5 cxb5 33. Bxb5 a6 34. Ba4 Ne6 $1 35. d5 Nxg5 36. d6+ Kd8 $2 {[%emt 0:04:39][%mdl 8192] [#]} (36... Kc8 $11) 37. c6 $1 $18 bxc6 {[%emt 0:00:41] [#] aiming for ...Kd7.} 38. Kc5 $1 ({Weaker is} 38. Bxc6 Ne4 $11) 38... f4 $2 (38... Rh6) 39. Rb2 ({Inferior is} 39. Bxc6 Rh5 40. Kb6 Nf7 $11) 39... Ne6+ 40. Kxc6 {[%emt 0:00:15][%cal Rb2b8] White mates.} Nd4+ 41. Kd5 Nb5 42. Bxb5 axb5 43. Kc6 Ke8 44. Kc7 Kf7 45. d7 {[%emt 0:00:03] Weighted Error Value: White=0.05 (flawless) /Black=0.31} 1-0

[Event "USA Championship 2022"]
[Site "Saint Louis"]
[Date "2022.10.17"]
[Round "11.6"]
[White "Shankland, Sam"]
[Black "Aronian, Levon"]
[Result "1/2-1/2"]
[ECO "E04"]
[WhiteElo "2712"]
[BlackElo "2755"]
[Annotator "TA"]
[PlyCount "30"]
[EventDate "2022.09.05"]
[EventType "tourn"]
[EventCountry "USA"]
[SourceTitle "playchess.com"]
[Source "ChessBase"]
[SourceQuality "1"]
[TimeControl "40/5400+30:1800+30"]

1. d4 Nf6 2. c4 e6 3. Nf3 d5 4. g3 dxc4 5. Bg2 c6 6. O-O b5 {[%emt 0:00:40] The position is equal.} 7. Ne5 {[%emt 0:01:04] E04: Open Catalan: 5 Nf3.} Bb7 8. a4 {[%emt 0:00:09] [#] And now axb5 would win.} a6 9. b3 cxb3 10. Qxb3 Qxd4 11. Bb2 Qb4 12. Qc2 {[%emt 0:00:31] [#] aiming for axb5.} Qc5 {[%emt 0:00:11] [#]} 13. Qb3 $146 ({Predecessor:} 13. Qd3 Be7 14. Nd2 Nd5 15. Ne4 Qb6 16. Nxf7 Kxf7 17. Qf3+ Bf6 18. Ng5+ Ke7 19. e4 Bxg5 20. exd5 cxd5 21. Rfe1 Nd7 22. Qg4 {½-½ (54) Tabatabaei,M (2643)-Dvirnyy,D (2492) Cattolica 2022}) 13... Qb4 {[%emt 0:00:29] Against Nd2} 14. Qc2 {[%emt 0:00:09] Hoping for axb5.} Qc5 15. Qb3 Qb4 {[%emt 0:00:26] An interesting draw.  Weighted Error Value: White=0.01 (flawless) /Black=0.02 (flawless)} 1/2-1/2

[Event "USA Championship 2022"]
[Site "Saint Louis"]
[Date "2022.10.17"]
[Round "11.7"]
[White "So, Wesley"]
[Black "Moradiabadi, Elshan"]
[Result "1-0"]
[ECO "B28"]
[WhiteElo "2774"]
[BlackElo "2534"]
[Annotator "TA"]
[PlyCount "71"]
[EventDate "2022.09.05"]
[EventType "tourn"]
[EventCountry "USA"]
[SourceTitle "playchess.com"]
[Source "ChessBase"]
[SourceQuality "1"]
[TimeControl "40/5400+30:1800+30"]

1. e4 c5 2. Nf3 a6 3. c3 d5 4. exd5 Nf6 5. d4 cxd4 6. Qa4+ {[%emt 0:04:53] B28: Sicilian: 2 Nf3 a6 (O'Kelly Variation).} Qd7 7. Qxd7+ Bxd7 8. c4 {[%emt 0:00:45] White is slightly better.} (8. Nxd4 Nxd5 9. Bc4 e6 $11) 8... e6 9. dxe6 (9. Nxd4 exd5 10. cxd5 Nxd5 $11) 9... fxe6 10. Nxd4 e5 11. Nc2 Nc6 12. Nc3 {[%emt 0:00:05][%cal Bb1c3,Bc3d5,Bd5b6][%mdl 32] [#]} Bf5 $146 ({Predecessor:} 12... O-O-O 13. Be2 Nd4 14. Ne3 Bb4 15. Bd2 Bc6 16. Bd1 Rhf8 17. Rc1 Ne6 18. Ned5 Bxc3 19. Bxc3 {1-0 (46) Pridorozhni,A (2579)-Kazakovskiy,V (2399) St Petersburg 2016}) 13. Ne3 Bg6 14. Bd2 Bc5 15. O-O-O O-O 16. f3 Nd4 (16... e4 $11 {remains equal.}) 17. Ncd5 $16 Rfd8 {[%emt 0:26:27] White now steadily converts the win.} (17... Nc6 $14) 18. b4 $1 Bf8 {[%emt 0:00:28] [#]} 19. Nb6 Ra7 20. c5 a5 21. Bc4+ Bf7 22. Kb2 ({Inferior is} 22. bxa5 Bxc5 23. Bxf7+ Kxf7 $11) 22... axb4 23. Bxb4 Bxc4 24. Nexc4 e4 25. a4 exf3 26. gxf3 Be7 27. Rhe1 Nc6 (27... Nxf3 $2 28. c6 bxc6 29. Rxe7 $18) 28. Rxd8+ Bxd8 29. Bc3 Ra6 {[%emt 0:00:00] [#]} 30. Rd1 $1 Ne8 31. Rd7 Be7 32. Bd4 ({Much less strong is} 32. Rxb7 Bxc5 33. a5 Ra7 34. Rxa7 Nxa7) 32... Kf8 33. Bf2 Nd8 34. Nd5 Nc6 (34... Re6 35. Nxe7 Re2+ 36. Kc3 Rxf2 37. Ng6+ (37. Rxd8 Kxe7 38. Rb8 Nc7 $18) 37... hxg6) 35. Nxe7 $18 Nxe7 36. Nb6 {[%emt 0:00:20] Weighted Error Value: White=0.03 (flawless) /Black=0.21 (precise)} 1-0

[Event "USA Championship 2022"]
[Site "Saint Louis"]
[Date "2022.10.18"]
[Round "12.1"]
[White "Yoo, Christopher Woojin"]
[Black "Robson, Ray"]
[Result "1/2-1/2"]
[ECO "C67"]
[WhiteElo "2563"]
[BlackElo "2690"]
[Annotator "TA"]
[PlyCount "67"]
[EventDate "2022.09.05"]
[EventType "tourn"]
[EventCountry "USA"]
[SourceTitle "playchess.com"]
[Source "ChessBase"]
[SourceQuality "1"]
[TimeControl "40/5400+30:1800+30"]

1. e4 e5 2. Nf3 Nc6 3. Bb5 Nf6 4. O-O Nxe4 5. Re1 Nd6 6. Nxe5 Be7 7. Bf1 Nxe5 8. Rxe5 O-O 9. d4 Bf6 {[%emt 0:02:09] C67: Ruy Lopez: Berlin Defence: 4 0-0 Nxe4.} 10. Bd3 ({Better is} 10. Re1 $11) 10... Bxe5 $15 11. dxe5 Ne8 {[%emt 0:00:26] Black is slightly better.} 12. Nc3 d6 13. Qh5 {[%emt 0:00:05][%csl Gd3][%cal Rh5h7] [#]} g6 14. Qh6 Qe7 (14... dxe5 $2 15. Bg5 Nf6 16. Qh4 $18) (14... Be6 $5 15. Bg5 Qd7 $15) 15. exd6 Nxd6 {[%emt 0:02:07] [#] Strongly threatening ...Bf5.} ({Of course not} 15... Qe1+ 16. Bf1 Qe6 17. dxc7 $14) 16. Bg5 $146 ({Predecessor:} 16. Nd5 Qe5 17. c4 Nf5 18. Qf4 Qxf4 19. Bxf4 c6 20. Nc7 Rb8 21. Nd5 Ra8 22. Nc7 Rb8 23. Nd5 {½-½ (23) Sanal,V (2581)-Malakhov,V (2669) Ruma 2020}) 16... f6 17. Nd5 {[%emt 0:00:10] The position is equal.} Qg7 18. Qxg7+ Kxg7 19. Nxc7 {[%emt 0:01:10] [#] Threatens to win with Bf4.} fxg5 20. Nxa8 Bf5 21. Nc7 Rc8 $1 22. Nd5 Bxd3 23. cxd3 $11 {[%emt 0:00:04][%mdl 4096] Endgame KRN-KRN} Rc2 24. g4 Rxb2 25. Re1 Rxa2 26. Re7+ Nf7 27. Rxb7 Rd2 28. Rxa7 Rxd3 {[%emt 0:00:18] aiming for ...Rd1+.} 29. Nc7 Kf6 30. Ne8+ Ke6 31. Ng7+ Kf6 32. Ne8+ Ke6 33. Ng7+ Kf6 34. Ne8+ {[%emt 0:00:03] Weighted Error Value: White=0.07 (flawless) /Black=0.07 (flawless)} 1/2-1/2

[Event "USA Championship 2022"]
[Site "Saint Louis"]
[Date "2022.10.18"]
[Round "12.2"]
[White "Shankland, Sam"]
[Black "Caruana, Fabiano"]
[Result "1/2-1/2"]
[ECO "A34"]
[WhiteElo "2712"]
[BlackElo "2763"]
[Annotator "TA"]
[PlyCount "78"]
[EventDate "2022.09.05"]
[EventType "tourn"]
[EventCountry "USA"]
[SourceTitle "playchess.com"]
[Source "ChessBase"]
[SourceQuality "1"]
[TimeControl "40/5400+30:1800+30"]

1. c4 c5 2. Nf3 Nf6 3. g3 Nc6 4. Bg2 d5 5. cxd5 Nxd5 6. Nc3 g6 7. Qa4 {[%emt 0:01:05] Threatens to win with Ne5.} e6 {[%emt 0:09:27] A34: Symmetrical English: 2 Nc3, lines with ...d5.} 8. Ne5 {[%emt 0:07:06] [#]} Bd7 $146 ({Predecessor:} 8... Qd6 9. Nxc6 Qxc6 10. Qc4 Bg7 11. Nxd5 exd5 12. Bxd5 {1-0 (53) Zickus,S (2269)-Sabaliauskas,L Palanga 2008}) 9. Nxd7 Qxd7 {[%emt 0:00:04] White has an edge.} 10. d3 Bg7 11. Bd2 O-O 12. Rc1 b6 13. O-O (13. h4 $5 ) 13... Rad8 14. Rfd1 h6 15. Kf1 f5 16. a3 Nd4 17. Qxd7 Rxd7 18. Nxd5 exd5 19. b4 Nb3 20. bxc5 bxc5 ({Much less strong is} 20... Nxc1 21. c6 Rc7 22. Bxd5+ (22. Rxc1 Rd8 $16) 22... Kh7 23. Rxc1 $16) 21. Rb1 Rb8 {[%emt 0:08:48] [#]} 22. Bb4 cxb4 23. Rxb3 Bf8 24. axb4 Bxb4 25. Ra1 Rb6 26. d4 a5 27. Re3 Kf7 28. Bf3 Rb5 29. Rb3 Rc7 30. h4 h5 31. Rxa5 Rxa5 $17 32. Rxb4 $14 {[%emt 0:00:03][%mdl 4096] Endgame [#] KRR-KRB} Kg7 (32... Rc2 $1 $17) 33. Rb2 $11 {[%emt 0:01:50] The position is equal.} Kh6 34. Kg2 Rc4 35. e3 Rc7 36. Bd1 Ra1 37. Bf3 Ra5 38. Bd1 Ra1 39. Bf3 Ra5 {[%emt 0:00:17] Weighted Error Value: White=0.09 (flawless) /Black=0.11 (very precise)} 1/2-1/2

[Event "USA Championship 2022"]
[Site "Saint Louis"]
[Date "2022.10.18"]
[Round "12.3"]
[White "Sevian, Samuel"]
[Black "Niemann, Hans Moke"]
[Result "0-1"]
[ECO "D41"]
[WhiteElo "2684"]
[BlackElo "2699"]
[Annotator "TA"]
[PlyCount "156"]
[EventDate "2022.09.05"]
[EventType "tourn"]
[EventCountry "USA"]
[SourceTitle "playchess.com"]
[Source "ChessBase"]
[SourceQuality "1"]
[TimeControl "40/5400+30:1800+30"]

1. d4 Nf6 2. c4 e6 3. Nf3 d5 4. Nc3 c5 5. cxd5 cxd4 6. Qxd4 exd5 7. e4 {[%emt 0:11:03] D41: Queen's Gambit Declined: Semi-Tarrasch with 5 cxd5.} dxe4 $1 {[%emt 0:00:27][%mdl 4] is now more promising than 7...Nc6.} 8. Qxd8+ Kxd8 9. Ng5 {[%emt 0:00:04][%csl LRe4,LRf7] White has an edge.} Be6 10. a3 {[%emt 0:00:05][%mdl 1024] Prevents Bb4. White has compensation.} Nbd7 11. Bf4 {[%emt 0:00:05] [#]} Rc8 $146 ({Predecessor:} 11... Bb3 12. Ngxe4 Nxe4 13. Nxe4 Nc5 14. Nd2 Ba4 15. Bc4 Be7 16. b3 Bd7 17. O-O Rc8 {½-½ (31) Urkedal,F (2563)-Carlsson,L (2396) Kvisla 2021}) 12. g3 Bb3 13. Bg2 ({Much weaker is} 13. Ncxe4 Be7 14. Nc3 Re8 $15) 13... Nh5 14. Be3 f5 15. g4 $1 f4 16. Bd4 f3 17. gxh5 {[%emt 0:00:07] Bh3 is the strong threat.} fxg2 18. Rg1 Nf6 19. Rxg2 Bc5 20. Rd1 Bxd1 {[%emt 0:18:06] A strong pair of Bishops.} 21. Ne6+ {[%emt 0:00:12][%mdl 64] Discovered Attack, Double Attack} Ke7 22. Nxc5 Bg4 {[%emt 0:03:46] aiming for ...Rhd8.} 23. N5xe4 Nxe4 24. Rxg4 Nxc3 25. Rxg7+ Kd6 26. Bxc3 $11 {[%emt 0:01:22][%mdl 4096] Endgame KRR-KRB} Rhe8+ $1 27. Kf1 Rc7 28. Rg4 Rf7 29. a4 b6 30. h6 Re3 31. Rd4+ (31. a5 $142) 31... Ke6 {[%emt 0:00:20] Black is more active.} 32. a5 Ref3 33. Rd2 b5 34. Bd4 (34. Kg2 $142) 34... Rd7 $17 35. Kg2 Rf5 (35... Rf4 $142 36. Re2+ Kf7) 36. Re2+ Kd5 37. Bg7 (37. b3 $142) 37... Kc4 (37... Rdf7 $142 38. h4 Rf4 39. Rd2+ Kc5) 38. Re4+ Kb3 39. Re8 (39. f4 $15) 39... Rdf7 40. Rh8 Rg5+ ({Inferior is} 40... Rxf2+ 41. Kg3 $17) 41. Kh3 b4 42. Kh4 Rg6 (42... Rxa5 $19 43. Rxh7 Rxf2) 43. Rxh7 Rxh6+ {[%emt 0:00:25][%mdl 64] Remove Defender} 44. Rxh6 Rxg7 $15 {[%emt 0:00:03] KR-KR} 45. f4 Kxb2 {[%emt 0:03:16] Threatens to win with ...b3.} 46. f5 b3 47. f6 Rg2 {[%emt 0:00:26] Hoping for ...Ka2.} (47... Rf7 $5 48. Kg5 $8 Kc2 $11) 48. h3 $2 {[%emt 0:01:26][%mdl 8192] Black keeps a firm grip on the game.} ({Reject} 48. f7 Rf2 49. Rh7 Ka1 $19) (48. Rh5 $11) 48... Ka2 $19 {[%emt 0:02:39] ( -> ...b2)} 49. Rh7 {[%emt 0:02:06] [#]} b2 $1 50. Rb7 {[%emt 0:00:05] [#]} Rg6 $1 51. f7 Rf6 52. Kg5 {[%emt 0:00:09] [#]} Rxf7 $3 {[%emt 0:00:07][%mdl 576] Promotion} 53. Rxf7 b1=Q {[%emt 0:00:08] White must now prevent ...Qe1. KQ-KR} 54. h4 Qg1+ 55. Kh5 Kb3 56. a6 Kc4 57. Rg7 Qc5+ (57... Qe1 $142 58. Rg5 Kd4 59. Rg7 Qa5+ 60. Rg5 Qxa6 61. Rf5 Qe2+ 62. Kg5 Qe7+ 63. Kh5 Qe8+ 64. Kg4 Qd7 65. Kg5 a5 66. Rf3 a4 67. h5 a3 68. Rf5 a2 69. Rf1 Qg7+ 70. Kh4 Ke3 71. h6 Qxh6+ 72. Kg4 Qg6+ 73. Kh4 Ke2 74. Rh1 Qh6+ 75. Kg3 Qxh1 76. Kg4 a1=Q 77. Kf5 Qf3+ 78. Ke6 Qaf6+ 79. Kd7 Q3c6#) 58. Rg5 Qe7 {[%emt 0:00:08] Black mates.} 59. Rf5 Kd4 60. Kg4 Qe6 61. Kg5 Ke4 62. Rf6 Qe7 63. Kg6 Ke5 64. Rf5+ Ke6 65. Rf4 Qe8+ 66. Kg5 Qg8+ 67. Kh5 Ke5 68. Rf1 Qd5 69. Rf8 Qd1+ 70. Kg5 Qd2+ 71. Kh5 Qd7 72. Rf1 Qb5 73. Rf8 Qxa6 74. Kg5 Qe6 75. Rf1 Qg8+ 76. Kh6 Qh8+ 77. Kg5 Qd8+ 78. Kh5 a5 {[%emt 0:00:14] Weighted Error Value: White=0.46/Black=0.23 (precise)} 0-1